 Dungeon Crawl Stone Soup version 0.21.0-3-g78d12a8 (webtiles) character file.

25308 inmateoo the Grappler (level 12, -12/119 HPs)
             Began as a Troll Hunter on Jan 9, 2018.
             Was the Champion of Wu Jian.
             Mangled by a wolf spider simulacrum (27 damage)
             ... on level 13 of the Dungeon.
             The game lasted 00:20:12 (11631 turns).

inmateoo the Grappler (Troll Hunter)               Turns: 11631, Time: 00:20:13

Health: -12/119    AC:  7    Str: 26    XL:     12   Next: 88%
Magic:  16/16      EV: 15    Int:  7    God:    Wu Jian [******]
Gold:   581        SH:  0    Dex: 19    Spells: 9/18 levels left

rFire    . . .     SeeInvis .     - Unarmed
rCold    . . .     Gourm    +   (no shield)
rNeg     . . .     Faith    .   n - +2 robe {MR+}
rPois    .         Spirit   .   (helmet restricted)
rElec    .         Reflect  .   M - scarf {repulsion}
rCorr    .         Harm     .   (gloves unavailable)
MR       ++...                  (boots unavailable)
Stlth    ++........             v - amulet of rage
HPRegen  0.69/turn              P - ring of Nihilism {Str+2 Dex+6}
MPRegen  0.15/turn              H - ring of protection from magic

@: repel missiles
A: large, unfitting armour, claws 3, fast metabolism 3, gourmand, regeneration
1, shaggy fur 1, tough skin 2
a: Wall Jump, Serpent's Lash, Heavenly Storm, Renounce Religion, Evoke Berserk
Rage


You were on level 13 of the Dungeon.
You worshipped Wu Jian.
Wu Jian was exalted by your worship.
You were full.

You visited 2 branches of the dungeon, and saw 14 of its levels.
You also visited: Sewer, Ossuary and Bailey.

You collected 831 gold pieces.
You spent 250 gold pieces at shops.

Inventory:

Missiles
 d - 3 throwing nets (quivered)
 N - 7 steel javelins
 O - 8 javelins of returning
 Q - 2 javelins
Armour
 n - a +2 robe of magic resistance (worn)
 r - a +1 cloak
 F - a +0 troll leather armour
 M - a scarf of repulsion (worn)
 R - a +2 robe of resistance
Jewellery
 k - an uncursed ring of flight
 o - an uncursed ring of see invisible
 v - an amulet of rage (around neck)
 H - a ring of protection from magic (right claw)
 I - an uncursed ring of ice
 P - the ring of Nihilism (left claw) {Str+2 Dex+6}
   (You found it on level 11 of the Dungeon)

   [ring of strength]

   It affects your strength (+2).
   It affects your dexterity (+6).
Wands
 b - a wand of disintegration (14)
 j - a wand of digging (18)
 y - a wand of random effects (49)
 z - a wand of enslavement (14)
 K - a wand of polymorph (12)
Scrolls
 p - 7 scrolls of teleportation
 t - 9 scrolls of enchant armour
 u - 2 scrolls of amnesia
 w - 8 scrolls of remove curse
 x - 3 scrolls of identify
 A - 6 scrolls of enchant weapon
 D - 2 scrolls of blinking
 G - a scroll of summoning
 J - 2 scrolls of fog
Potions
 a - 2 potions of agility
 e - 2 potions of resistance
 g - 5 potions of brilliance
 h - 3 potions of flight
 i - 11 potions of heal wounds
 l - 2 potions of might
 m - 3 potions of cancellation
 q - 10 potions of curing
 s - a potion of invisibility
 B - 6 potions of haste
 C - 2 potions of lignification
 E - a potion of mutation
 L - 2 potions of berserk rage
Comestibles
 f - 23 rations


   Skills:
 + Level 8.1 Fighting
 + Level 5.2 Throwing
 - Level 5.0 Armour
 + Level 7.3 Dodging
 - Level 0.3 Stealth
 * Level 14.5 Unarmed Combat
 + Level 3.9 Spellcasting


You had 9 spell levels left.
You knew the following spells:

 Your Spells              Type           Power        Failure   Level  Hunger
a - Regeneration          Chrm/Necr      #.........   67%         3    ####...
b - Deflect Missiles      Chrm/Air       #.........   100%        6    #######


Dungeon Overview and Level Annotations

Branches:
Dungeon (13/15)            Temple (1/1) D:5            Lair (0/6) D:8
    Orc (0/2) D:9
 Vaults: D:13-14

Altars:
Ashenzari
Cheibriados
Dithmenos
Elyvilon
Fedhas
Gozag
Hepliaklqana
Kikubaaqudgha
Makhleb
Nemelex Xobeh
Okawaru
Qazlal
Ru
Sif Muna
Trog
Uskayaw
Vehumet
Wu Jian
Xom
Yredelemnul
Zin
The Shining One
Beogh

Shops:
D:6 (   D:7 !


Innate Abilities, Weirdness & Mutations

You are too large for most types of armour.
You have claws for hands.
Your metabolism is lightning-fast.
You like to eat raw meat.
Your natural rate of healing is unusually fast.
You are covered in fur. (AC +1)
You have very tough skin. (AC +2)


Message History

The wight closely misses you.
You claw the wight!
You destroy the wight!
The Council accepts your kill.
You mangle the wolf spider simulacrum!!
The wolf spider simulacrum is severely damaged.
The wolf spider simulacrum hits you! The wolf spider simulacrum freezes you!
The wolf spider simulacrum bites you.
The wolf spider simulacrum freezes you!!
You scratch the wolf spider simulacrum.
The wolf spider simulacrum is severely damaged.
The wolf spider simulacrum misses you. The wolf spider simulacrum bites you.
The wolf spider simulacrum freezes you!
* * * LOW HITPOINT WARNING * * *
You barely miss the wolf spider simulacrum.
The wolf spider simulacrum is severely damaged.
The wolf spider simulacrum hits you!
* * * LOW HITPOINT WARNING * * *
The wolf spider simulacrum freezes you!!
You die...

. ...# # # ..#
#####.### ..##### ##...
... ...... ...# #.#
#.#.####
#..####.########......(
......#.##........(#
#..##.#..........#
...##.#..#.#####@#
##.........# #Z#
#######.### #Q# #.#


#zz ... .*.. #...# §§§§. #...# §§§...# #...# ..§.... #...# .§.§§.#.. You could
see a tengu conjurer, 2 wights, a battlesphere and a wolf spider simulacrum.

Vanquished Creatures
  A stone giant (D:9)
  Erolcha (D:13)
  4 two-headed ogres
  3 centaur warriors (D:9)
  Nergalle (D:12)
  4 unseen horrors
  The ghost of grindst0ne the Skirmisher, a novice DsFE of Ru (D:5)
  2 orc knights (Bailey)
  A deep elf mage (D:9)
  An ugly thing (D:9)
  Maurice (D:9)
  A centaur zombie (D:12)
  The ghost of inmateoo the Ruffian, a novice BaVM of Hepliaklqana (D:4)
  2 trolls (D:9)
  A meliai (D:9)
  A polar bear (D:13)
  4 hippogriffs
  Sigmund (D:2)
  5 water elementals
  A wyvern (D:11)
  A hungry ghost (D:9)
  4 hogs (D:7)
  A human (D:7)
  A steam dragon (D:8)
  Menkaure (Ossuary)
  A water moccasin (D:8)
  Duvessa (D:7)
  A floating eye (shapeshifter) (D:9)
  2 porcupines (D:8)
  3 sky beasts
  2 phantoms
  15 orc warriors
  11 ice beasts
  3 black bears (D:8)
  8 ogres
  2 eyes of draining
  4 wolves
  3 centaurs
  2 crocodiles (D:8)
  2 big kobolds
  2 wyvern zombies
  5 bullfrogs
  Dowan (D:7)
  4 scorpions
  14 killer bees
  3 wights (D:13)
  4 howler monkeys
  2 bullfrog zombies
  4 electric eels (D:12)
  4 crimson imps
  2 bullfrog skeletons
  3 jellies
  7 orc priests
  3 centaur skeletons
  2 quasits (D:11)
  Crazy Yiuf (D:3)
  7 hounds
  8 orc wizards
  2 iguanas
  15 worker ants
  A hound zombie (D:8)
  3 hound skeletons
  3 mummies (Ossuary)
  2 worker ant zombies (D:3)
  Robin (D:2)
  4 gnolls (D:11)
  A howler monkey skeleton (D:10)
  20 adders
  5 river rats
  5 shadow imps
  3 oozes
  2 adder zombies (D:6)
  An adder skeleton (D:4)
  5 worms
  4 dart slugs
  9 leopard geckos
  78 orcs
  5 ball pythons
  7 giant cockroaches
  13 goblins
  8 hobgoblins
  7 jackals
  25 kobolds
  2 quokkas
  A ball python zombie (D:5)
  6 bats
  9 frilled lizards
  A giant cockroach zombie (D:3)
  2 gnoll skeletons (Ossuary)
  6 gnoll zombies (Ossuary)
  4 goblin skeletons (Ossuary)
  5 goblin zombies (Ossuary)
  3 hobgoblin skeletons (Ossuary)
  3 hobgoblin zombies (Ossuary)
  A jackal skeleton (D:3)
  5 kobold skeletons (Ossuary)
  2 kobold zombies (Ossuary)
  A leopard gecko skeleton (D:5)
  3 orc skeletons (Ossuary)
  3 orc zombies (Ossuary)
  34 rats
  2 rat skeletons (Ossuary)
  3 rat zombies (Ossuary)
506 creatures vanquished.

Vanquished Creatures (collateral kills)
  A hydra (D:11)
1 creature vanquished.

Vanquished Creatures (others)
  A gnoll zombie (Ossuary)
  2 goblin skeletons (Ossuary)
  A hobgoblin skeleton (Ossuary)
  A kobold skeleton (Ossuary)
  A kobold zombie (Ossuary)
  2 orc skeletons (Ossuary)
  A rat zombie (Ossuary)
9 creatures vanquished.

Grand Total: 516 creatures vanquished

Notes
Turn   | Place    | Note
-------+----------+-------------------------------------------
     0 | D:1      | inmateoo the Troll Hunter began the quest for the Orb.
     0 | D:1      | Reached XP level 1. HP: 19/19 MP: 0/0
    64 | D:1      | Reached skill level 1 in Unarmed Combat
   106 | D:1      | Reached XP level 2. HP: 26/27 MP: 1/1
   121 | D:1      | Reached skill level 2 in Unarmed Combat
   547 | D:1      | Reached XP level 3. HP: 32/33 MP: 2/2
   615 | D:2      | Noticed Robin
   632 | D:2      | Killed Robin
   632 | D:2      | Reached skill level 3 in Unarmed Combat
   719 | D:2      | Noticed Sigmund
   847 | D:2      | Reached XP level 4. HP: 41/41 MP: 3/3
   859 | D:2      | Reached skill level 4 in Unarmed Combat
  1088 | D:2      | Killed Sigmund
  1088 | D:2      | Reached skill level 5 in Unarmed Combat
  1088 | D:2      | Reached XP level 5. HP: 20/48 MP: 4/4
  1088 | D:2      | Reached XP level 6. HP: 23/55 MP: 5/5
  1214 | D:2      | Reached skill level 6 in Unarmed Combat
  1814 | D:3      | Found a runed door.
  2334 | D:3      | Noticed Crazy Yiuf
  2343 | D:3      | Killed Crazy Yiuf
  2439 | D:4      | Reached skill level 7 in Unarmed Combat
  2545 | D:4      | Reached XP level 7. HP: 62/62 MP: 6/6
  2560 | D:4      | Found a glowing drain.
  2564 | Sewer    | Entered a sewer
  3252 | D:4      | Noticed inmateoo's ghost (novice BaVM)
  3265 | D:4      | Killed inmateoo's ghost
  3265 | D:4      | Reached skill level 8 in Unarmed Combat
  3265 | D:4      | Reached XP level 8. HP: 41/74 MP: 7/7
  3718 | D:5      | Entered Level 5 of the Dungeon
  3719 | D:5      | Noticed grindst0ne's ghost (novice DsFE)
  3731 | D:5      | Killed grindst0ne's ghost
  3731 | D:5      | Reached skill level 9 in Unarmed Combat
  3929 | D:5      | Found an iron altar of Okawaru.
  4094 | D:5      | Reached XP level 9. HP: 75/84 MP: 8/8
  4394 | D:5      | Found a staircase to the Ecumenical Temple.
  4426 | Temple   | Entered the Ecumenical Temple
  4465 | Temple   | Became a worshipper of the Wu Jian Council
  4542 | D:5      | Reached skill level 10 in Unarmed Combat
  4720 | D:6      | Found a shimmering altar of Xom.
  4867 | D:6      | Found Ysaby's Antique Weapon Boutique.
  5035 | D:7      | Noticed Dowan
  5036 | D:7      | Noticed Duvessa
  5044 | D:7      | Killed Duvessa
  5049 | D:7      | Killed Dowan
  5050 | D:7      | Reached * piety under Wu Jian
  5144 | D:7      | Found a hazy altar of Hepliaklqana.
  5164 | D:7      | Reached skill level 5 in Fighting
  5170 | D:7      | Reached skill level 5 in Dodging
  5254 | D:7      | Found Etroxol's Distillery.
  5261 | D:7      | Bought a potion of heal wounds for 50 gold pieces
  5261 | D:7      | Bought a potion of haste for 100 gold pieces
  5261 | D:7      | Bought a potion of haste for 100 gold pieces
  5362 | D:7      | Reached skill level 11 in Unarmed Combat
  5503 | D:7      | Reached XP level 10. HP: 89/96 MP: 9/9
  5663 | D:8      | Noticed a two-headed ogre
  5668 | D:8      | Killed a two-headed ogre
  5729 | D:8      | Reached skill level 12 in Unarmed Combat
  5879 | D:8      | Found a sand-covered staircase.
  5883 | Ossuary  | Entered an ossuary
  5927 | Ossuary  | Reached ** piety under Wu Jian
  6101 | Ossuary  | Noticed Menkaure
  6105 | Ossuary  | Killed Menkaure
  6315 | D:8      | Reached skill level 1 in Armour
  6336 | D:8      | Reached *** piety under Wu Jian
  6361 | D:8      | Reached skill level 1 in Spellcasting
  6369 | D:8      | Found a staircase to the Lair.
  6698 | D:9      | Found a flagged portal.
  6828 | D:9      | Found a roughly hewn altar of Beogh.
  6828 | D:9      | Found a staircase to the Orcish Mines.
  6909 | Bailey   | Entered a bailey
  6920 | Bailey   | Reached **** piety under Wu Jian
  7182 | Bailey   | Noticed an orc knight
  7205 | Bailey   | Killed an orc knight
  7205 | Bailey   | Reached XP level 11. HP: 80/107 MP: 12/12
  7239 | Bailey   | Noticed an orc knight
  7293 | Bailey   | Killed an orc knight
  7486 | D:9      | Reached ***** piety under Wu Jian
  7546 | D:9      | Noticed a centaur warrior
  7549 | D:9      | Killed a centaur warrior
  7551 | D:9      | Noticed a centaur warrior
  7560 | D:9      | Killed a centaur warrior
  7560 | D:9      | Reached skill level 13 in Unarmed Combat
  7879 | D:9      | Noticed a green ugly thing
  7880 | D:9      | Noticed a stone giant
  7978 | D:9      | Killed a green ugly thing
  8171 | D:9      | Noticed a two-headed ogre
  8178 | D:9      | Killed a two-headed ogre
  8218 | D:9      | Noticed Maurice
  8225 | D:9      | Killed a stone giant
  8233 | D:9      | Killed Maurice
  8368 | D:9      | Noticed a deep elf mage
  8375 | D:9      | Noticed a centaur warrior
  8376 | D:9      | Killed a centaur warrior
  8380 | D:9      | Killed a deep elf mage
  8692 | D:9      | Reached XP level 12. HP: 102/118 MP: 15/15
  8898 | D:10     | Entered Level 10 of the Dungeon
  9960 | D:11     | Got a sparkling glass ring
  9971 | D:11     | Identified the ring of Nihilism {Str+2 Dex+6} (You found it on level 11 of the Dungeon)
 10002 | D:11     | Reached skill level 14 in Unarmed Combat
 10027 | D:11     | Noticed a five-headed hydra
 10035 | D:11     | Killed a six-headed hydra
 10353 | D:11     | Noticed a two-headed ogre
 10357 | D:11     | Killed a two-headed ogre
 10369 | D:11     | Reached ****** piety under Wu Jian
 10406 | D:11     | Learned a level 3 spell: Regeneration
 10413 | D:11     | Learned a level 6 spell: Deflect Missiles
 10908 | D:12     | Noticed Nergalle
 10921 | D:12     | Killed Nergalle
 11090 | D:12     | Noticed a two-headed ogre
 11094 | D:12     | Killed a two-headed ogre
 11094 | D:12     | Reached skill level 5 in Throwing
 11326 | D:12     | Reached skill level 5 in Armour
 11610 | D:13     | Noticed Erolcha
 11624 | D:13     | Killed Erolcha
 11631 | D:13     | Mangled by a wolf spider simulacrum

Skill      XL: |  1  2  3  4  5  6  7  8  9 10 11 12 |
---------------+-------------------------------------+-----
Unarmed Combat | 1 2 3 5 7 8 9 11 12 13 14 | 14.5
Fighting       | 2 4 5 6 7 8 |  8.1
Dodging        | 2 4 5 6 7 |  7.3
Armour         | 2 3 5 |  5.0
Spellcasting   | 1 3 |  3.9
Throwing       | 5 |  5.2
Stealth        | |  0.3

Action                   |  1- 3 |  4- 6 |  7- 9 | 10-12 || total
-------------------------+-------+-------+-------+-------++-------
Melee: Unarmed           |    95 |   166 |   353 |   733 ||  1347
       Short sword       |     2 |       |       |       ||     2
       Punch             |       |     3 |    13 |    42 ||    58
Throw: Large rock        |       |     1 |       |    13 ||    14
Invok: Lunge             |       |       |     5 |    91 ||    96
       Whirlwind         |       |       |       |    44 ||    44
       Wall Jump         |       |       |       |     9 ||     9
  Use: Scroll            |       |     5 |    15 |     9 ||    29
       Potion            |       |       |       |     7 ||     7
 Stab: Sleeping          |       |     2 |     2 |     2 ||     6
       Distracted        |       |       |     1 |     4 ||     5
  Eat: Chunk             |    12 |    16 |    21 |    66 ||   115
Armor: Robe              |    31 |    60 |   118 |   125 ||   334
Dodge: Dodged            |    40 |    78 |   168 |   382 ||   668
